Cogmind - Beta 10.2 @@@ ROGUE MODE // 2020.12.17 @ 21:09:16 Player: 3gg Result: Destroyed by G-34 Mercenary with Small Laser Performance ------------- Evolutions (0) 0 Regions Visited (1) 200 Robots Destroyed (17) 85 Value Destroyed (324) 324 Prototype IDs (0) 0 Alien Tech Used (0) 0 Bonus (0) 0 TOTAL SCORE: 609 Bonus ------- None Cogmind --------- Core Integrity 0/250 Matter 249/300 Energy 100/100 System Corruption 0% Temperature Cool (32) Movement Core (100) Ox1 Location -10/Materials Parts ------- > --- POWER (1) -------- (None) > --- PROPULSION (2) --- (None) > --- UTILITY (2) ------ Targeting Computer Utility Shielding > --- WEAPON (2) ------- Improved Light Cannon > --- INVENTORY (4) ---- Small Storage Unit Weight Redist. System Peak State ------------ > --- POWER ------------ Light Ion Engine > --- PROPULSION ------- Light Treads Light Treads > --- UTILITY ---------- Improved Terrain Scanner Utility Shielding > --- WEAPON ----------- Particle Gun Mining Laser > --- INVENTORY -------- Small Storage Unit [Rating: 9] Favorites ----------- Power Light Ion Engine Engine Light Ion Engine Propulsion Light Treads Treads Light Treads Utility Utility Shielding Device Improved Terrain Scanner Storage Small Storage Unit Processor Targeting Computer Protection Utility Shielding Weapon EM Pulse Gun Energy Gun EM Pulse Gun Energy Cannon Beam Cannon Ballistic Cannon Improved Light Cannon Special Weapon Mining Laser Build | -11 -10 ------- Run | Scr Mat Slots Evolved . | . . Power . | . . Propulsion . | . . Utility . | . . Weapon . | . . Parts Attached 17 | 7 10 Power 3 | 1 2 Engine 3 | 1 2 Core . | . . Reactor . | . . Propulsion 2 | 2 . Treads 2 | 2 . Leg . | . . Wheel . | . . Hover . | . . Flight . | . . Utility 4 | 2 2 Device 1 | 1 . Storage 1 | 1 . Processor 1 | . 1 Hackware . | . . Protection 1 | . 1 Artifact . | . . Weapon 8 | 2 6 Energy Gun 5 | 2 3 Energy Cannon 1 | . 1 Ballistic Gun . | . . Ballistic Cannon 1 | . 1 Launcher . | . . Special Weapon 1 | . 1 Impact Weapon . | . . Slashing Weapon . | . . Piercing Weapon . | . . Special Melee Weapon . | . . Unidentified Prototypes . | . . Parts Lost 8 | . 8 Power 1 | . 1 Propulsion 2 | . 2 Utility . | . . Weapon 5 | . 5 Highest Loss Streak 3 | . 3 Average Slot Usage (%) 88 | . 88 Engine 12 | . 12 Treads 21 | . 21 Device 10 | . 10 Processor 3 | . 3 Protection 13 | . 13 Energy Gun 12 | . 12 Energy Cannon 6 | . 6 Special Weapon 4 | . 4 Naked Turns . | . . Heaviest Build 12 | 12 12 Greatest Support 40 | 40 40 Greatest Overweight (x) 2 | 1 2 Average Overweight (x) . | . . Largest Inventory Capacity 6 | 6 6 Average Capacity 4 | 5 4 Most Carried 4 | 3 4 Average Carried 2 | 1 2 Final Capacity 6 | 6 4 Final Carried 2 | 2 2 Class Distribution -------------------- 100% | Mutant Dominant Class ---------------- Mutant | -10/Materials Resources | -11 -10 ----------- Run | Scr Mat Matter Collected 325 | 270 55 Remotely . | . . Salvage Created 555 | 232 323 Parts 35 | 13 22 Haulers Intercepted . | . . Recyclers Shooed . | . . Parts Field Recycled . | . . Retrieved Matter . | . . Parts Self-Destructed . | . . Prevented . | . . Kills | -11 -10 ------- Run | Scr Mat Combat Hostiles Destroyed 8 | . 8 Guns 4 | . 4 Cannons 3 | . 3 Classes Destroyed 6 | 2 4 Worker 1 | . 1 Tunneler 5 | 5 . Recycler 1 | 1 . Watcher 2 | . 2 Swarmer 2 | . 2 Grunt 6 | . 6 Best Kill Streak 5 | 5 4 Combat Bots Only 2 | . 2 Max Kills in Single Turn 2 | 2 1 Gunslinging . | . . Exploded . | . . Melee . | . . Uniques/NPCs Destroyed . | . . Combat | -11 -10 -------- Run | Scr Mat Damage Taken 991 | . 991 Core 250 | . 250 Absorbed by Shields . | . . Core Remaining (%) 100 | 100 . Volleys Fired 59 | 18 41 Largest 2 | 2 2 Hottest 165 | 80 165 Shots Fired 98 | 33 65 Gun 58 | 33 25 Cannon 30 | . 30 Launcher . | . . Special 10 | . 10 Kinetic 9 | . 9 Thermal 39 | . 39 Explosive . | . . Electromagnetic 50 | 33 17 Robot Hit Streak 10 | 6 10 Robot Miss Streak 4 | 4 4 Penetration Max . | . . Secondary Targets . | . . Shots Hit Robots 59 | 18 41 Core Hits 22 | 6 16 Critical Hits . | . . Critical Kills . | . . Critical Parts Destroyed . | . . Melee Attacks . | . . Impact . | . . Slashing . | . . Piercing . | . . Sneak Attacks . | . . Combat Hostiles . | . . Follow-up Attacks . | . . Damage Inflicted 980 | 286 694 Guns 492 | 244 248 Cannons 254 | . 254 Explosions 42 | 42 . Melee . | . . Ramming . | . . Kinetic 62 | . 62 Thermal 504 | 42 462 Explosive . | . . Electromagnetic 414 | 244 170 Impact . | . . Slashing . | . . Piercing . | . . Highest Corruption . | . . Average Corruption . | . . Corruption Purged . | . . Overload Shots . | . . Overflow Damage 31 | . 31 Projectiles 31 | . 31 Explosions . | . . Melee . | . . Knockbacks . | . . Impact . | . . Kinetic . | . . Secondary . | . . Self-Inflicted Damage . | . . Shots . | . . Rammed . | . . Targets Rammed . | . . Kicked . | . . Crushed . | . . Highest Temperature 319 | 108 319 Average Temperature 94 | 47 107 Received Heat Transfer 495 | . 495 Effects 1 | . 1 Interference 1 | . 1 Siege Activations . | . . Robots Corrupted . | . . Combat Hostiles . | . . Parts Fried 1 | 1 . Impact Corruptions . | . . Robots Melted 1 | . 1 Combat Hostiles 1 | . 1 Parts Melted 1 | . 1 Heat Transferred 996 | 50 946 Parts Sabotaged . | . . Parts Stolen . | . . Parts Stripped . | . . Power Chain Reactions 1 | 1 . Missiles Intercepted . | . . Alert | -11 -10 ------- Run | Scr Mat Peak Influence 262 | 30 262 Initial 19 | . 19 Average 102 | 17 125 Maximum Alert Level 1 | . 1 Low Security (%) 86 | 100 82 Level 1 13 | . 17 Level 2 . | . . Level 3 . | . . Level 4 . | . . Level 5 . | . . High Security . | . . Max Security . | . . Squads Dispatched 3 | . 3 Investigation 1 | . 1 Extermination . | . . Reinforcement 2 | . 2 Assault . | . . Garrison . | . . Intercept . | . . Construction Impeded . | . . Haulers Reinforced . | . . Stealth | -11 -10 --------- Run | Scr Mat Distress Signals . | . . Communications Jammed . | . . Distress Signals . | . . Times Spotted 18 | . 18 Peak Tracking Total 4 | . 4 Tactical Retreats 2 | . 2 Traps | -11 -10 ------- Run | Scr Mat Traps Triggered . | . . Indirectly . | . . Trap Hack Attempts . | . . Triggered . | . . Disarmed . | . . Reprogrammed . | . . Reused . | . . Traps Extracted . | . . Installed . | . . Triggered . | . . Machines | -11 -10 ---------- Run | Scr Mat Machines Disabled . | . . Max in Single Turn . | . . Machines Sabotaged . | . . Garrisons Compromised . | . . Overloaded Fab Kills . | . . Fab Network Shutdowns . | . . Hacking | -11 -10 --------- Run | Scr Mat Machines Accessed 2 | . 2 Terminals 1 | . 1 Fabricators . | . . Repair Stations . | . . Recycling Units 1 | . 1 Scanalyzers . | . . Garrison Access . | . . Total Hacks 5 | . 5 Successful 4 | . 4 Failed 1 | . 1 Catastrophic . | . . Database Lockouts . | . . Manual 1 | . 1 Terminals 2 | . 2 Fabricators . | . . Repair Stations . | . . Recycling Units 3 | . 3 Scanalyzers . | . . Garrison Access . | . . Terminal Hacks 1 | . 1 Zone Layout 1 | . 1 Fabricator Hacks . | . . Repair Station Hacks . | . . Recycling Unit Hacks 3 | . 3 Recycle Component 2 | . 2 Report Inventory 1 | . 1 Scanalyzer . | . . Garrison Access Hacks . | . . Unauthorized Hacks . | . . Terminals . | . . Fabricators . | . . Repair Stations . | . . Recycling Units . | . . Scanalyzers . | . . Garrison Access . | . . Data Cores Recovered . | . . Used . | . . Hacking Detections 1 | . 1 Full Trace Events 1 | . 1 Feedback Events . | . . Feedback Blocked . | . . Robot Schematics Acquired . | . . Robots Built . | . . Matter . | . . Time . | . . Total Robot Build Rating . | . . Part Schematics Acquired . | . . Parts Built . | . . Matter . | . . Time . | . . Total Part Build Rating . | . . Parts Repaired . | . . Time . | . . Parts Recycled 2 | . 2 Recycled Matter . | . . Retrieved Matter . | . . Retrieved Components . | . . Parts Scanalyzed . | . . Part Schematics Acquired . | . . Parts Damaged . | . . Bothacking | -11 -10 ------------ Run | Scr Mat Used RIF Installer . | . . Robots Hacked . | . . Non-combat . | . . Combat . | . . Robot Hacks Applied . | . . Relay Couplers Released . | . . Robots Rewired . | . . Allies Hacked . | . . Hacks Repelled . | . . Allies | -11 -10 -------- Run | Scr Mat Total Allies . | . . Largest Group . | . . Highest-Rated Group . | . . Highest-Rated Ally . | . . Total Orders . | . . Ally Attacks . | . . Total Damage . | . . Kills . | . . Allies Corrupted . | . . Allies Melted . | . . Intel | -11 -10 ------- Run | Scr Mat Robot Analysis Total . | . . Derelict Logs Recovered . | . . Drone Launches . | . . Drone Recoveries . | . . Exploration | -11 -10 ------------- Run | Scr Mat Turns Passed 719 | 154 565 Spaces Moved 336 | 55 281 Core 69 | 5 64 Treads 267 | 50 217 Legs . | . . Wheels . | . . Hover . | . . Flight . | . . Fastest Speed 50 | 50 50 Average Speed 148 | 150 148 Slowest Speed 160 | 160 160 Overloaded Moves . | . . Propulsion Burnouts . | . . Robots Hopped . | . . Cave-ins Triggered . | . . Exploration Rate (%) 33 | 3 63 Regions Visited 1 Branch Regions . Pre-discovered Areas . | . . Known Exits Taken . | . . Unknown Exits Taken 1 | 1 . Scrap Searched . | . . Spaces Dug . | . . Terrain Destroyed 2 | 1 1 Melee . | . . Projectile 1 | . 1 AOE 1 | 1 . Terrain Rammed . | . . Walls Destroyed . | . . Machines Disabled . | . . Actions | -11 -10 --------- Run | Scr Mat Total 437 | 94 343 Wait 5 | 4 1 Move 335 | 54 281 Hop . | . . Pick Up 18 | 10 8 Fast Attach . | . . Attach 11 | 7 4 Detach . | . . Swap 6 | . 6 Drop 3 | 1 2 Fire 59 | 18 41 Melee . | . . Ram . | . . Kick . | . . Crush . | . . Escape Stasis . | . . Rewire . | . . Trap . | . . Miscellaneous . | . . Route ------- -11/Scrapyard -10/Materials (discovered 4 exits: [*Mat x2] / [*Min x2]) History --------- Turn | Location | Event 24 | -11/Scrapyard | Discovered new exit (range 15) 155 | -11/Scrapyard | Entered Materials 316 | -10/Materials | Build established: Mutant 324 | -10/Materials | Discovered new exit (range 15) 494 | -10/Materials | Discovered new exit (range 9) 638 | -10/Materials | Discovered new exit (range 12) 640 | -10/Materials | Lost 3 parts (2n1w) 656 | -10/Materials | Core integrity fell below 50% 674 | -10/Materials | Discovered new exit (range 7) 712 | -10/Materials | Core integrity fell below 20% 720 | -10/Materials | Destroyed by G-34 Mercenary with Small Laser Last Messages --------------- Aluminum Leg (77%) Ion Engine (100%) EM Pulse Gun (51%) Lgt. Ion Engine (55%) Flight Unit (90%) Lgt. Assault Rifle (98%) >>Recycle(Lgt. Ion Engine) Accepting Lgt. Ion Engine... >>Recycle(Imp. Terrain Scanner) Accepting Imp. Terrain Scanner... 00626_ Recycling unit begins recycling process. 00627_ R-06 Scavenger inserts Sensor Array into recycling unit. 00638_ EXIT=FOUND 00657_ Mining Laser destroyed. 00669_ Ion Engine destroyed. 00674_ EXIT=FOUND 00679_ Acquired Imp. Light Cannon. 00682_ Acquired Spread Laser. 00687_ Acquired Weight Redist. System. 00710_ Spread Laser destroyed. Map ----- +----------------------------------------------------+ | ???# # ###???# #???????? | | ???# + """ ""#???# #???????? | | ???# # """ Y"#?### #???????? | | ???# # """ ""#???# #???????? | | ?#?# ## """ ####### #???????? | | ???# ## || """ #???????? | | ???# ## || #???????? | | #??############ #???????? | | ?#??????????#"" """ ######### #???????? | | ??????????#?#"T """ #?#?????# #???????? | | ????????????#"" """ #???????# #???????? | | ?????#??????### """ #? ]????# #???????? | | ??#????#??????# """ #!!]][??# #???????? | | ?#???########## # ??# #???????? | | ###### ## # #??# #???????? | | # #??# #???????? | | # < ! #??# #???????? | | # #??# #???????? | | # ##" "#####"T"## #??# #???????? | | #=! ##" |"! "#????"""#?####### #??# #???????? | | +%* ##"""""""##???####??#????# #??# #???????? | | #= #################????????# #??# #???????? | | =%% #???# #?#?????##^ ##?# #???????? | | *%= ##??# #?#?????# ### ##??????? | | != #???# ######### gu #??????? | | # ##### [ + @ < g +??????? | | # !=%+ ! ######### #??????? | | # ##### * #???????# ### ##??????? | | # #???# #??#??### ##?# #???????? | | # #??#######+######?????# #??# #???????? | | + + ?????+ #?????????#] [ !#??# #???????? | | # # "??"?## #????##???#]][[!!#??# #???????? | | # # """" ## #?????????########??# #???????? | | # # ## ##??????????????????? ????????? | | # # ## #????#??#?#??#??????? ????????? | | # ## #######??????#??????? ????????? | | ######### # #??????????????#????????? | | # """ #???????#???????????????? | | " # """ #??#????????????????????? | | "" # """ #???????????????????????? | | " + """ #?????????#?#???????????? | | % % # """ #??#?#??????????????????? | | #########% %# #?????#?????????????????? | | ############# = #######???????????????????????? | | ### # ######################???????? | | #"" """ # ! #???????? | | #"" """ + %[ [%* < #???????? | | #"T """ # #???????? | | #"" # ########+#############???????? | | #"" """ ######### #?????????????? | +----------------------------------------------------+ Best States ------------- Heat Dissipation 25 Energy Generation 10 Energy Capacity 250 Matter Stores 300 Matter Capacity 300 Sight Range 16 Terrain Scan Range 16 Terrain Scan Density 10 Utility Shielding 33 Evasion (%) 50 Targeting Accuracy 5 Recoil Reduction 2 Item Schematics ----------------- None Robot Schematics ------------------ None Fabricated ------------ Nothing Alien Tech Used ----------------- None Achievements -------------- None Challenges ------------ None Game ------ Seed UtilityWarpScrap Manual? 0 Play Time 00:27:51 Cumulative 7.9 hours Start 2020.12.17 @ 20:33:25 End 2020.12.17 @ 21:09:16 Sessions 1 Manual Loads 0 Difficulty Rogue Special Mode None Game No. 10 Rogue 10 Adventurer 0 Explorer 0 Win Type - Total 0 Types 0/0/0/0/0/0/0/0/0 Lore% 1 Gallery% 7 Achievement% 7 Wizard Run 0 Options --------- ASCII 0 Keyboard 0 Movement Numpad Keybinds 0 Fullscreen 1 Font 18/SmallcapsGlow Map View 76x50 Tactical HUD 1 Map Filters NONE Filters NONE Steam 1 RUN: 9983c12e-2494-4bc7-8fea-d701a08c34d5